 Dungeon Crawl Stone Soup version 0.18.1-50-g88ac8fd (webtiles) character file.

163 GammafunkIsABaby the Chiller (level 5, 0/31 HPs)
             Began as a High Elf Ice Elementalist on June 10, 2018.
             Was a Follower of Nemelex Xobeh.
             Succumbed to a worker ant's poison
             ... on level 4 of the Dungeon.
             The game lasted 00:09:12 (795 turns).

GammafunkIsABaby the Chiller (HEIE)                  Turns: 795, Time: 00:09:12

Health: 0/31       AC:  5    Str:  8      XL:     5   Next: 20%
Magic:  4/11       EV: 12    Int: 19      God:    Nemelex Xobeh [*.....]
Gold:   78         SH:  0    Dex: 14 (15) Spells: 3 memorised, 3 levels left

rFire  . . .     SeeInvis .     b - book of Frost
rCold  . . .     Gourm    .     m - +0 robe
rNeg   . . .     Faith    .     (no shield)
rPois  .         Spirit   .     n - +1 helmet
rElec  .         Dismiss  .     i - +0 cloak
rCorr  .         Reflect  .     (no gloves)
SustAt .         Harm     .     (no boots)
MR     .....                    (no amulet)
Stlth  ++........               (no ring)
                                (no ring)

@: lethally poisoned (0 -> -2), not resistant to hostile enchantments,
unstealthy
A: no striking features
a: Renounce Religion


You were on level 4 of the Dungeon.
You worshipped Nemelex Xobeh.
Nemelex Xobeh was aware of your devotion.
You were not hungry.

You visited 1 branch of the dungeon, and saw 6 of its levels.

You collected 78 gold pieces.

Inventory:

Hand Weapons
 a - a +0 falchion
Armour
 i - a +0 cloak (worn)
 m - a +0 robe (worn)
 n - a +1 helmet (worn)
Wands
 d - a wand of lightning (9/15)
Scrolls
 e - a scroll of immolation {unknown}
 g - a scroll of remove curse
 h - a scroll of teleportation
Books
 b - a book of Frost (in hand)

   Spells                             Type                      Level
   a - Freeze                         Ice                          1
   b - Throw Frost                    Conjuration/Ice              2
   c - Ozocubu's Armour               Charms/Ice                   3
   d - Throw Icicle                   Conjuration/Ice              4
   e - Summon Ice Beast               Ice/Summoning                4
 f - a book of Flames

   Spells                             Type                      Level
   a - Flame Tongue                   Conjuration/Fire             1
   b - Throw Flame                    Conjuration/Fire             2
   c - Conjure Flame                  Conjuration/Fire             3
   d - Inner Flame                    Hexes/Fire                   3
   e - Sticky Flame                   Conjuration/Fire             4
   f - Fireball                       Conjuration/Fire             5
Miscellaneous
 j - a plain deck of escape
Comestibles
 c - 4 bread rations
 k - a meat ration
 l - a beef jerky


   Skills:
 - Level 2.1 Dodging
 - Level 2.1 Stealth
 - Level 3.6 Spellcasting
 - Level 1.1 Conjurations
 + Level 2.6 Summonings
 - Level 4.2 Ice Magic


You had 3 spell levels left.
You knew the following spells:

 Your Spells              Type           Power        Failure   Level  Hunger
a - Freeze                Ice            ###.         2%          1    None
c - Conjure Flame         Conj/Fire      #.......     38%         3    ###....
B - Summon Ice Beast      Ice/Summ       ###.....     38%         4    ####...


Dungeon Overview and Level Annotations

Branches:
Dungeon (6/15)
 Temple: D:4-7

Altars:
Fedhas
Nemelex Xobeh
Trog


Message History

* * * LOW HITPOINT WARNING * * *
You feel sick.
You swing at nothing.
You swing at nothing.
* * * LOW HITPOINT WARNING * * *
You feel sick.
You swing at nothing.
You swing at nothing.
You swing at nothing.
* * * LOW HITPOINT WARNING * * *
You feel sick.
You swing at nothing.
You swing at nothing.
* * * LOW HITPOINT WARNING * * *
You feel sick.
You swing at nothing.
You swing at nothing.
You swing at nothing.
You die...
Your body disappears without a glow.

#.. ............[. #..
..####.#####. #.. ## #.....o.
#.# ... ###### #.###### ..#
.... #....# #.##...o #.# .....
#....# #.##....
#.#.......###....######.##....
#>..........'.................
###.......###@.(.######.######
.<### #.........##.# # ##
#.#######.##.# # ...
#........# # ######### #..%
#.###..#.# # ........# #...
###..#.###### ........# #...
.............. ........#####.#
.####.#.#..... .......<.......
...#.######


There were no monsters in sight!

Vanquished Creatures
  An orc wizard (D:3)
  3 worker ants (D:4)
  4 gnolls (D:5)
  A dart slug (D:1)
  7 orcs
  A bat (D:3)
  A hobgoblin (D:3)
  2 quokkas
20 creatures vanquished.

Notes
Turn   | Place    | Note
--------------------------------------------------------------
     0 | D:1      | GammafunkIsABaby the High Elf Ice Elementalist began the quest for the Orb.
     0 | D:1      | Reached XP level 1. HP: 11/11 MP: 4/4
   195 | D:3      | Noticed an orc wizard
   210 | D:3      | Killed an orc wizard
   210 | D:3      | Reached XP level 2. HP: 10/17 MP: 1/7
   210 | D:3      | Reached XP level 3. HP: 12/21 MP: 1/8
   279 | D:2      | Found a sparkling altar of Nemelex Xobeh.
   284 | D:2      | Became a worshipper of Nemelex Xobeh the Trickster
   318 | D:3      | Found a blossoming altar of Fedhas.
   318 | D:3      | Found a bloodstained altar of Trog.
   375 | D:3      | Received a gift from Nemelex Xobeh
   396 | D:5      | Entered Level 5 of the Dungeon
   559 | D:5      | Reached skill level 4 in Ice Magic
   559 | D:5      | Reached XP level 4. HP: 22/27 MP: 6/10
   565 | D:5      | Learned a level 4 spell: Summon Ice Beast
   601 | D:6      | Reached * piety under Nemelex Xobeh
   647 | D:4      | Reached skill level 1 in Summonings
   710 | D:4      | Reached XP level 5. HP: 15/31 MP: 0/11
   736 | D:4      | Learned a level 3 spell: Conjure Flame
   790 | D:4      | HP: 1/31 [poisoned by a worker ant]
   795 | D:4      | Succumbed to a worker ant's poison

Skill      XL: |  1  2  3  4 |
---------------+-------------+-----
Spellcasting   | 3 |  3.6
Ice Magic      | 4 |  4.2
Summonings     | 2 |  2.6
Dodging        | |  2.1
Stealth        | |  2.1
Conjurations   | |  1.1

Action                   |  1- 3 |  4- 6 || total
-------------------------+-------+-------++-------
Melee: Unarmed           |     8 |     2 ||    10
 Cast: Freeze            |    15 |    25 ||    40
Evoke: Deck              |     2 |     2 ||     4
  Use: Potion            |     4 |       ||     4
       Scroll            |     5 |       ||     5
Armor: Skin              |     7 |       ||     7
       Robe              |     1 |     7 ||     8
Dodge: Dodged            |    12 |    13 ||    25
